 Dungeon Crawl Stone Soup version 0.21-a0-278-ga722497 (console) character file.

108 Moorlo the Poker (level 4, 0/35 HPs)
             Began as a Merfolk Fighter on Sept 22, 2017.
             Slain by a bullfrog (1 damage)
             ... in a sewer.
             The game lasted 00:10:33 (2050 turns).

Moorlo the Poker (Merfolk Fighter)                  Turns: 2050, Time: 00:10:34

Health: 0/35       AC:  5    Str: 21    XL:     4   Next: 87%
Magic:  4/4        EV: 10    Int:  8    God:
Gold:   60         SH:  9    Dex: 13    Spells: 3/3 levels left

rFire    . . .     SeeInvis .   a - +0 trident
rCold    . . .     Gourm    .   c - +0 shield
rNeg     + . .     Faith    .   n - +0 ring mail
rPois    .         Spirit   .   (no helmet)
rElec    .         Reflect  .   (no cloak)
rCorr    +         Harm     .   (no gloves)
MR       .....                  (boots currently unavailable)
Stlth    ++........             (no amulet)
HPRegen  0.11/turn              j - ring of positive energy
MPRegen  0.09/turn              m - ring of resist corrosion

@: mighty, hasted, very quick
A: change form in water, swift swim, stealthy swim
a: no special abilities


You were in a sewer.
You were not hungry.

You visited 1 branch of the dungeon, and saw 3 of its levels.
You also visited: Sewer.

You collected 60 gold pieces.

Inventory:

Hand Weapons
 a - a +0 trident (weapon)
Armour
 b - a +0 scale mail
 c - a +0 shield (worn)
 n - a +0 ring mail (worn)
Jewellery
 j - a ring of positive energy (left hand)
 m - a ring of resist corrosion (right hand)
Wands
 g - a wand of disintegration (15/24)
Scrolls
 i - 2 scrolls of identify {unknown}
 k - a scroll of immolation {unknown}
 p - a scroll of random uselessness {unknown}
Potions
 e - a potion of haste
 h - a potion of curing {unknown}
 l - a potion of brilliance {unknown}
Comestibles
 f - 3 bread rations
 o - 4 chunks of flesh


   Skills:
 - Level 3.2 Fighting
 + Level 7.1 Polearms
 - Level 2.1 Armour
 - Level 3.0 Shields


You had 3 spell levels left.
You didn't know any spells.

Dungeon Overview and Level Annotations

Branches:
Dungeon (3/15)

Altars:
Fedhas


Message History

The bullfrog is almost dead.
You block the bullfrog's attack. The bullfrog hits you.
* * * LOW HITPOINT WARNING * * *
You block the bullfrog's attack. The leopard gecko barely misses you.
The bullfrog hits you but does no damage.
You feel very mighty all of a sudden. The bullfrog hits you.
* * * LOW HITPOINT WARNING * * *
The leopard gecko bites you but does no damage.
The bullfrog hits you.
* * * LOW HITPOINT WARNING * * *
You block the bullfrog's attack.
You closely miss the bullfrog.
The bullfrog is almost dead.
The bullfrog barely misses you. The leopard gecko bites you.
* * * LOW HITPOINT WARNING * * *
You block the bullfrog's attack. x2
The leopard gecko bites you but does no damage.
It was a potion of haste.
You feel yourself speed up. The bullfrog hits you.
You die...

#############################
#....≈≈≈≈≈.≈≈................
#.≈≈≈.#######################
#.≈≈≈≈# # #.≈≈≈≈# # #.≈≈≈.#
####### # #.≈≈≈≈# ####≈≈≈≈≈≈#
# #.≈≈≈≈####≈≈≈≈≈≈≈≈≈≈ #
#≈≈≈≈≈##≈≈≈≈≈F≈≈≈≈≈≈ #
#≈≈≈≈≈#≈≈≈≈∩@F≈≈≈≈≈≈ #
#.≈≈≈≈≈≈≈≈≈.l≈≈≈.≈≈≈ #
#≈≈≈≈≈≈≈≈≈≈≈≈.≈.$.≈≈ #
#≈≈≈≈≈≈≈≈≈≈..≈≈$[(.≈ #
#≈≈≈≈≈≈≈≈≈≈≈.≈≈≈)≈≈≈ #
#≈≈≈≈≈≈≈≈≈≈≈≈≈≈.≈≈≈≈ #
#≈≈≈≈≈≈≈≈≈≈≈≈≈.≈≈≈≈≈ #
#≈≈≈≈.≈≈≈≈≈≈≈≈≈≈≈≈≈≈ #
#.≈≈≈.≈≈≈≈≈≈≈≈ ##### ...≈≈
≈≈≈≈≈


You could see 2 bullfrogs and a leopard gecko.

Vanquished Creatures
  2 adders (D:2)
  An ooze (D:2)
  A worm (D:2)
  A dart slug (D:2)
  3 leopard geckos
  5 ball pythons
  9 giant cockroaches
  8 goblins
  2 hobgoblins
  9 jackals
  4 quokkas (D:2)
  5 bats
  9 frilled lizards
  7 kobolds
  6 rats
72 creatures vanquished.

Notes
Turn   | Place    | Note
-------+----------+-------------------------------------------
     0 | D:1      | Moorlo the Merfolk Fighter began the quest for the Orb.
     0 | D:1      | Reached XP level 1. HP: 18/18 MP: 1/1
    82 | D:1      | Reached skill level 4 in Polearms
    82 | D:1      | Reached XP level 2. HP: 24/24 MP: 2/2
   959 | D:2      | Reached XP level 3. HP: 29/29 MP: 3/3
   964 | D:2      | Reached skill level 5 in Polearms
  1139 | D:2      | Found a blossoming altar of Fedhas.
  1215 | D:2      | Reached skill level 6 in Polearms
  1215 | D:2      | Reached XP level 4. HP: 22/35 MP: 4/4
  1774 | D:3      | Found a glowing drain.
  1797 | Sewer    | Entered a sewer
  1853 | Sewer    | Reached skill level 7 in Polearms
  2036 | Sewer    | Noticed a bullfrog
  2038 | Sewer    | Noticed a bullfrog
  2049 | Sewer    | HP: 1/35 [leopard gecko (2)]
  2050 | Sewer    | Slain by a bullfrog

Vault maps used:
D:1:      minmay_arrival_solitary_statue, st_stairs_8, roderic_lattice_a,
          hangedman_feature_mirror
D:2:      fedhas_altar_4, first_bread
D:3:      portal_sewer_entry_b
Sewer:    sewer_frog_island_01

Skill      XL: |  1  2  3  4 |
---------------+-------------+-----
Polearms       | 4 6 7 |  7.1
Fighting       | |  3.2
Armour         | |  2.1
Shields        | |  3.0

Action                   |  1- 3 |  4- 6 || total
-------------------------+-------+-------++-------
Melee: Trident           |   155 |   138 ||   293
       Tailslap          |       |     4 ||     4
  Use: Potion            |       |     2 ||     2
  Eat: Chunk             |     1 |     3 ||     4
Armor: Scale mail        |    53 |    19 ||    72
       Ring mail         |       |    39 ||    39
Dodge: Dodged            |    32 |    44 ||    76
Block: Shield            |    67 |    65 ||   132

Table legend:
 A = Spawn XP
 B = Non-spawn XP
 C = Spawn XP percentage of total XP
 D = Spawn monster count
 E = Non-spawn monster count
 F = Spawn count percentage of total count
 G = Total turns spent on level
                    A         B        C        D         E        F      G
               +---------+---------+-------+---------+---------+-------+---------
         Total |       0 |     155 |   0.0 |       0 |      72 |   0.0 |  2050
               +---------+---------+-------+---------+---------+-------+---------
           D:1 |       0 |      32 |   0.0 |       0 |      19 |   0.0 |   947
           D:2 |       0 |      93 |   0.0 |       0 |      35 |   0.0 |   827
           D:3 |       0 |       4 |   0.0 |       0 |       3 |   0.0 |    23
         Sewer |       0 |      26 |   0.0 |       0 |      15 |   0.0 |   253
               +---------+---------+-------+---------+---------+-------+---------
